AoeStats
← damiansima

Yucatan

510398006Analyzed
4v4 RM · 23h ago on Sep 30, 2026· 55m 9s· 8 players
Game mode
Random Map
Map size
Large (8 player)
Population
200
Speed
Normal
Resources
Standard
Victory
Conquest
Starting age
Dark Age
Ending age
Imperial Age
RankedLock teamsTeams togetherTeam positionsShared explorationLock speedFull tech treeHidden civsTurbo modeCheats
Victory
Defeat
🇮🇹 Varangians · Italy
1457
+8
🇮🇹 Britons · Italy
1401
+10
🇮🇹 Mongols · Italy
1319
+13
🇮🇹 Burmese · Italy
1293
+15
🇨🇦 Italians · Canada
1337
-14
🇨🇴 Saxons · Colombia
1286
-12
🇦🇷 Jurchens · Argentina
1244
-11
🇨🇴 Teutons · Colombia
1206
-9
Vertical Vertigo
10:23 Feudal Age
12:24 Double-Bit Axe
15:04 Castle Age
13:54 Horse Collar
15:06 Fletching
15:52 Bodkin Arrow
16:10 Crossbowman
23:07 Padded Archer Armor
23:58 Loom
26:32 Bow Saw
26:59 Heavy Plow
29:39 Ballistics
30:38 Wheelbarrow
29:49 Town Watch
30:45 Leather Archer Armor
30:49 Thumb Ring
33:51 Hand Cart
37:07 Imperial Age
37:58 Bracer
38:59 Chemistry
39:36 Stone Mining
39:36 Gold Mining
39:28 Arbalester
41:52 Masonry
45:13 Conscription
45:19 Elite Genoese Crossbowman
49:09 Ring Archer Armor
54:15 Coinage
jaimeerp
3:16 Loom
10:03 Feudal Age
10:05 Man-at-Arms
10:38 Double-Bit Axe
11:11 Arson
13:52 Scale Mail Armor
26:24 Castle Age
24:19 Horse Collar
24:48 Fletching
25:45 Padded Archer Armor
29:39 Bow Saw
29:30 Heavy Plow
29:23 Gold Mining
33:20 Bodkin Arrow
34:19 Wheelbarrow
35:22 Hand Cart
34:40 Elite Skirmisher
36:04 Masonry
37:17 Stone Mining
38:02 Gold Shaft Mining
40:41 Imperial Age
39:55 Thumb Ring
41:26 Ballistics
41:55 Architecture
42:07 Hoardings
42:02 Bracer
42:20 Fortified Wall
43:58 Leather Archer Armor
45:18 Ring Archer Armor
45:37 Conscription
47:24 Siege Engineers
48:52 Chemistry
damiansima
11:29 Feudal Age
10:33 Loom
12:22 Double-Bit Axe
12:45 Horse Collar
13:46 Gold Mining
18:51 Castle Age
17:08 Forging
17:54 Bloodlines
19:08 Scale Barding Armor
20:15 Iron Casting
19:28 Light Cavalry
21:37 Husbandry
26:04 Chain Barding Armor
32:26 Fletching
32:36 Padded Archer Armor
34:00 Wheelbarrow
34:10 Bodkin Arrow
35:49 Hand Cart
39:54 Imperial Age
37:10 Town Watch
37:42 Leather Archer Armor
40:12 Capped Ram
42:38 Plate Barding Armor
43:04 Blast Furnace
42:37 Bracer
45:40 Hussar
48:01 Ring Archer Armor
47:49 Town Watch
48:08 Scale Mail Armor
48:37 Conscription
47:38 Elite Iron Pagoda
48:53 Hoardings
49:17 Fortified Bastions
50:09 Bow Saw
53:27 Chain Mail Armor
hargir
3:10 Loom
11:06 Feudal Age
12:35 Double-Bit Axe
18:59 Castle Age
20:29 Bow Saw
26:34 Horse Collar
31:14 Heavy Plow
32:52 Forging
36:26 Imperial Age
33:58 Gold Mining
35:56 Wheelbarrow
36:21 Iron Casting
36:39 Scale Barding Armor
37:34 Cavalier
39:34 Chain Barding Armor
40:16 Blast Furnace
41:17 Plate Barding Armor
40:06 Paladin
45:33 Town Watch
48:08 Hand Cart
47:54 Town Patrol
49:35 Onager
Roar
11:01 Feudal Age
12:11 Loom
15:39 Castle Age
16:33 Double-Bit Axe
20:07 Horse Collar
22:32 Bow Saw
24:02 Stone Mining
25:44 Fletching
27:29 Wheelbarrow
26:40 Town Watch
30:15 Bodkin Arrow
31:39 Heavy Plow
34:11 Imperial Age
32:19 Hand Cart
32:05 Padded Archer Armor
32:49 Gold Mining
33:13 Town Patrol
33:19 Treadmill Crane
33:50 Masonry
33:35 Murder Holes
33:51 Fortified Wall
34:00 Leather Archer Armor
34:11 Ballistics
35:14 Conscription
35:03 Bracer
35:33 Ring Archer Armor
35:27 Conscription
36:42 Two-Man Saw
37:01 Chemistry
36:32 Architecture
36:12 Husbandry
35:32 Light Cavalry
37:13 Elite Longbowman
38:28 Hoardings
38:33 Arrowslits
41:32 Scale Barding Armor
41:37 Forging
42:23 Siege Engineers
42:55 Chain Barding Armor
45:06 Gold Shaft Mining
45:13 Plate Barding Armor
45:14 Iron Casting
44:33 Cavalier
46:37 Guard Tower
48:20 Keep
48:54 Blast Furnace
47:49 Cavalier
49:14 Warwolf
50:41 Yeomen
51:36 Sappers
[ALTF4] MuraZ
7:10 Loom
10:59 Feudal Age
12:55 Double-Bit Axe
15:38 Fletching
19:28 Padded Archer Armor
23:02 Castle Age
23:31 Crossbowman
33:17 Wheelbarrow
41:25 Thumb Ring
41:24 Gold Mining
46:12 Imperial Age
46:22 Gold Shaft Mining
46:42 Ballistics
47:17 Bodkin Arrow
46:58 Arbalester
48:12 Bracer
49:02 Leather Archer Armor
52:03 Chemistry
51:55 Siege Engineers
52:58 Bow Saw
Catipan Dixlesya
9:43 Feudal Age
11:38 Loom
13:16 Bloodlines
14:42 Wheelbarrow
14:19 Forging
14:50 Scale Barding Armor
14:31 Horse Collar
14:36 Double-Bit Axe
21:53 Castle Age
23:46 Heavy Plow
23:57 Bow Saw
23:41 Stone Mining
24:45 Hand Cart
28:21 Gold Mining
31:45 Stone Shaft Mining
31:10 Town Watch
35:53 Imperial Age
34:09 Husbandry
34:33 Chain Barding Armor
34:48 Iron Casting
36:42 Iron Casting
35:57 Elite Jarl
36:58 Conscription
37:24 Plate Barding Armor
38:55 Blast Furnace
38:39 Fletching
39:29 Coinage
39:10 Guilds
40:25 Siege Engineers
41:27 Chemistry
41:38 Bodkin Arrow
41:57 Masonry
42:49 Two-Man Saw
42:29 Banking
42:30 Crop Rotation
47:33 Fortified Wall
47:04 Treadmill Crane
47:55 Architecture
48:10 Murder Holes
50:36 Caravan
52:55 Ballistics
55:01 Bracer
ITA | Raffy
11:28 Feudal Age
9:48 Loom
11:34 Feudal Age
13:22 Horse Collar
15:50 Castle Age
14:45 Stone Mining
17:48 Heavy Plow
18:07 Padded Archer Armor
24:11 Husbandry
33:02 Bloodlines
42:46 Imperial Age
40:56 Wheelbarrow
40:30 Gold Mining
43:13 Elite Arambai
44:14 Conscription
43:55 Howdah
45:22 Ballistics
47:31 Scale Barding Armor
47:37 Forging
52:03 Chemistry
52:36 Chain Barding Armor
53:07 Iron Casting
52:35 Manipur Cavalry
55:00 Plate Barding Armor
Connection lost

Rejoining the realm…

Still unreachable

The connection could not be restored.

Session expired

The server has moved on; the page needs a fresh start.